 Dungeon Sprint DCSS version 0.21.2 (webtiles) character file.

2700000 Fang the Axe Maniac (level 18, 0/182 HPs)
             Began as a Demonspawn Gladiator on Jan 24, 2019.
             Was an Elder of Makhleb.
             Slain by a destroyer
             ... wielding a +9 great sword of slicing
              (182 damage)
             ... in the Dungeon (Sprint VIII: "Arena of Blood").
             The game lasted 00:01:15 (27 turns).

Fang the Axe Maniac (Demonspawn Gladiator)            Turns: 27, Time: 00:01:16

Health: 0/182      AC:  8    Str: 22    XL:     18   Next: 8%
Magic:  0/18       EV: 32    Int:  9    God:    Makhleb [****..]
Gold:   0          SH:  0    Dex: 16    Spells: 17/17 levels left

rFire    . . .     SeeInvis .   l - +∞ Axe of Woe
rCold    . . .     Gourm    .   (shield currently unavailable)
rNeg     + . .     Faith    .   b - +0 leather armour
rPois    +         Spirit   +   c - +0 helmet
rElec    .         Reflect  .   (no cloak)
rCorr    .         Harm     .   (no gloves)
MR       +....     NoTele   +   (boots unavailable)
Stlth    +++.......             (no amulet)
HPRegen  0.40/turn              (no ring)
MPRegen  0.32/turn              (no ring)

@: no status effects
A: hooves 3, slimy green scales 3, negative energy resistance 1, nightstalker 2,
magic shield, magic regeneration
a: Minor Destruction, Lesser Servant of Makhleb, Major Destruction, Renounce
Religion


You were in the Dungeon.
You worshipped Makhleb.
Makhleb was greatly pleased with you.
You were not hungry.

You visited 1 branch

Inventory:

Hand Weapons
 a - a +0 war axe
 l - the +∞ Axe of Woe (weapon)
   (You found it in the Dungeon)
Missiles
 d - 3 throwing nets (quivered)
Armour
 b - a +0 leather armour (worn)
 c - a +0 helmet (worn)
Jewellery
 m - a +30 ring of slaying
 n - a +30 ring of slaying
Scrolls
 k - a scroll of blinking
Potions
 e - a potion of curing
 g - a potion of heal wounds
 h - a potion of haste
 i - 2 potions of magic
 j - a potion of berserk rage
Comestibles
 f - a ration


   Skills:
 O Level 27 Fighting
 O Level 27 Axes
 + Level 24.2 Throwing
 O Level 27 Dodging


You had 17 spell levels left.
You didn't know any spells.

Dungeon Overview and Level Annotations

Branches:
Dungeon (1/1)

Altars:
Makhleb


Innate Abilities, Weirdness & Mutations

You have hooves in place of feet.
You are completely covered in slimy green scales. (AC +4, rPois)
You resist negative energy. (rN+)
You are significantly more attuned to the shadows.
When hurt, damage is shared between your health and your magic reserves.
You regenerate magic rapidly.


Message History

A destroyer comes into view.
It is wielding a +9 great sword of slicing.
You hear a shout! x2; You hear two shouts!
Unknown command.
The destroyer shouts!
You slice the destroyer!!
You slaughter the destroyer joyfully.
You destroy the destroyer!
Makhleb accepts your kill.
You can now hurl Makhleb's greater destruction.
You have mastered Fighting!
Your Throwing skill gained 4 levels and is now at level 24!
You have reached level 18!
Your experience leads to an increase in your attributes!
Increase (S)trength, (I)ntelligence, or (D)exterity?
You feel stronger.
You hear a shout! x4
Unknown command.
You hear a shout! x5
The destroyer hits you with a +9 great sword of slicing!!!!!
Ouch! That really hurt!
You die...

..... ... #...
..# . #... ..# .
..###... ..###..
.......###......
.......)_.......
#)))..# .
#_)<._#
...#...@V#.
....))_......
......###......
..###... ..###..
. #... ..# .
#... ..# .....
...


You could see a destroyer.

Vanquished Creatures
  A vampire knight (D)
  3 ogres (D)
  7 orcs (D)
11 creatures vanquished.

Notes
Turn   | Place    | Note
-------+----------+-------------------------------------------
     0 | D        | Found the +∞ Axe of Woe
     0 | D        | Fang the Demonspawn Gladiator began the quest for the Orb.
     0 | D        | Reached XP level 1. HP: 16/16 MP: 1/1
     3 | D        | Noticed a bag of meat
     4 | D        | Became a worshipper of Makhleb the Destroyer
     5 | D        | Noticed a bag of meat
     6 | D        | Noticed a bag of meat
     6 | D        | Noticed a bag of meat
     7 | D        | Noticed a bag of meat
     7 | D        | Noticed a bag of meat
    10 | D        | Noticed a meat berserker
    11 | D        | Killed a bag of meat
    11 | D        | Reached skill level 10 in Fighting
    11 | D        | Gained mutation: You have large cloven feet. [demonic ancestry]
    11 | D        | Reached XP level 2. HP: 36/36 MP: 2/2
    11 | D        | Reached XP level 3. HP: 42/42 MP: 3/3
    11 | D        | Gained mutation: You have hoof-like feet. [demonic ancestry]
    11 | D        | Reached XP level 4. HP: 48/48 MP: 4/4
    11 | D        | Gained mutation: You have hooves in place of feet. [demonic ancestry]
    11 | D        | Reached XP level 5. HP: 54/54 MP: 5/5
    11 | D        | Reached XP level 6. HP: 61/61 MP: 6/6
    11 | D        | Gained mutation: You are partially covered in slimy green scales. (AC +2) [demonic ancestry]
    11 | D        | Reached XP level 7. HP: 67/67 MP: 7/7
    11 | D        | Gained mutation: You are slightly more attuned to the shadows. [demonic ancestry]
    11 | D        | Reached XP level 8. HP: 73/73 MP: 8/8
    11 | D        | Gained mutation: You are mostly covered in slimy green scales. (AC +3) [demonic ancestry]
    11 | D        | Reached XP level 9. HP: 79/79 MP: 9/9
    11 | D        | Gained mutation: You are significantly more attuned to the shadows. [demonic ancestry]
    11 | D        | Reached XP level 10. HP: 86/86 MP: 10/10
    11 | D        | Reached XP level 11. HP: 92/92 MP: 11/11
    11 | D        | Killed a bag of meat
    11 | D        | Reached * piety under Makhleb
    11 | D        | Reached skill level 10 in Throwing
    11 | D        | Gained mutation: When hurt, damage is shared between your health and your magic reserves. [demonic ancestry]
    11 | D        | Reached XP level 12. HP: 102/102 MP: 12/12
    12 | D        | Killed a bag of meat
    12 | D        | Gained mutation: You regenerate magic rapidly. [demonic ancestry]
    12 | D        | Reached XP level 13. HP: 109/109 MP: 13/13
    12 | D        | Killed a bag of meat
    12 | D        | Reached XP level 14. HP: 119/119 MP: 14/14
    12 | D        | Killed a bag of meat
    12 | D        | Reached ** piety under Makhleb
    13 | D        | Killed a meat berserker
    13 | D        | Reached XP level 15. HP: 131/131 MP: 15/15
    17 | D        | Noticed a meat berserker
    19 | D        | Noticed a meat berserker
    22 | D        | Killed a meat berserker
    22 | D        | Reached *** piety under Makhleb
    22 | D        | Reached skill level 27 in Axes
    22 | D        | Reached skill level 15 in Throwing
    22 | D        | Gained mutation: You are completely covered in slimy green scales. (AC +4, rPois) [demonic ancestry]
    22 | D        | Reached XP level 16. HP: 145/145 MP: 16/16
    22 | D        | Killed a meat berserker
    22 | D        | Reached skill level 27 in Dodging
    22 | D        | Gained mutation: You resist negative energy. (rN+) [demonic ancestry]
    22 | D        | Reached XP level 17. HP: 162/162 MP: 17/17
    24 | D        | Noticed a destroyer
    26 | D        | Noticed a destroyer
    26 | D        | Killed a destroyer
    26 | D        | Reached **** piety under Makhleb
    26 | D        | Reached skill level 27 in Fighting
    26 | D        | Reached XP level 18. HP: 182/182 MP: 18/18
    27 | D        | Slain by a destroyer

Skill      XL: |  1  2  3  4  5  6  7  8  9 10 11 12 13 14 15 16 17 |
---------------+----------------------------------------------------+-----
Fighting       | 10 11 12 13 16 18 22 27 | 27.0
Axes           | 16 19 20 22 25 27 | 27.0
Throwing       | 9 10 11 12 14 15 18 24 | 24.2
Dodging        | 16 18 20 21 23 26 27 | 27.0

Action                   |  1- 3 |  4- 6 |  7- 9 | 10-12 | 13-15 | 16-18 || total
-------------------------+-------+-------+-------+-------+-------+-------++-------
Melee: Executioner's axe |     1 |       |       |     1 |     3 |     2 ||     7
Dodge: Dodged            |       |       |       |       |     1 |       ||     1
